 Dungeon Crawl Stone Soup version 0.27.1-34-g3ba077fa99 (webtiles) character file.

Game seed: 14401808363880970273

41 multipassport the Skirmisher (level 3, -1/31 HPs)
             Began as a Ghoul Fighter on Jan 16, 2022.
             Was a Believer of Lugonu.
             Slain by a gnoll (5 damage)
             ... on level 2 of the Dungeon.
             The game lasted 00:04:52 (1314 turns).

multipassport the Skirmisher (Ghoul Fighter)        Turns: 1314, Time: 00:04:52

Health: -1/31      AC:  6    Str: 20    XL:     3   Next: 52%
Magic:  2/2        EV:  7    Int:  3    God:    Lugonu [**....]
Gold:   23         SH:  8    Dex:  8    Spells: 2/2 levels left

rFire    . . .     SeeInvis .   a - +0 trident
rCold    + . .     Faith    .   c - +0 kite shield
rNeg     + + +     Spirit   .   b - +0 scale mail
rPois    ∞         Reflect  .   (no helmet)
rElec    .         Harm     .   (no cloak)
rCorr    .         Rampage  .   (no gloves)
Will     .....                  (no boots)
Stlth    ..........             (no amulet)
HPRegen  0.00/turn              (no ring)
MPRegen  0.08/turn              (no ring)

@: inhibited regen
A: claws 1, cold resistance 1, negative energy resistance 3, inhibited
regeneration, torment resistance 2
a: Renounce Religion, Depart the Abyss, Bend Space


You were on level 2 of the Dungeon.
You worshipped Lugonu.
Lugonu was pleased with you.
You visited 1 branch of the dungeon, and saw 2 of its levels.

You collected 23 gold pieces.

Inventory:

Hand Weapons
 a - a +0 trident (weapon)
Armour
 b - a +0 scale mail (worn)
 c - a +0 kite shield (worn)
Scrolls
 f - 3 scrolls of teleportation {unknown}
 i - a scroll of enchant weapon {unknown}
Potions
 d - 2 potions of might
 e - a potion of attraction {unknown}
 g - a potion of invisibility {unknown}
 h - a potion of heal wounds {unknown}
 j - a potion of berserk rage {unknown}


   Skills:
 + Level 3.6 Fighting
 + Level 2.1 Polearms
 + Level 3.0 Armour
 + Level 0.9 Dodging
 + Level 3.0 Shields
 + Level 0.6 Invocations


You had 2 spell levels left.
You didn't know any spells.
Your spell library was empty.

Dungeon Overview and Level Annotations

Branches:
Dungeon (2/15)

Altars:
Lugonu

Shops:
D:1 [


Innate Abilities, Weirdness & Mutations

You thrive by killing the living.
You are immune to poison.
You have sharp fingernails.
Your flesh is cold resistant. (rC+)
You are immune to negative energy. (rN+++)
You do not regenerate when monsters are visible.
You are immune to unholy pain and torment.


Message History

The dart slug is almost dead.
The dart slug launches a dart at you. The slug dart hits you.
You hit the dart slug.
You kill the dart slug!
Lugonu accepts your kill.
You start resting.
HP restored.
You see here an adder corpse.
Found a scroll labelled ONEAK POKOECLO.
Found a murky grey potion.
i - a scroll labelled ONEAK POKOECLO
j - a murky grey potion
Found 16 gold pieces. 3 gnolls come into view.
The gnoll shouts!
You reach to attack!
You closely miss the gnoll. The gnoll completely misses you.
You block the gnoll's attack.
You hit the gnoll.
The gnoll is moderately wounded.
The gnoll hits you with a +0 flail.
You closely miss the gnoll.
The gnoll is moderately wounded.
The gnoll hits you but does no damage.
The gnoll hits you from afar with a +0 halberd.
You hit the gnoll.
The gnoll is heavily wounded.
The gnoll closely misses you.
The gnoll hits you from afar with a +0 halberd!
You block the gnoll's attack. The gnoll barely misses you.
Space bends around you!
You blink.
The gnoll hits you but does no damage. Space bends around you!
You blink.
You see here an adder skeleton.
You see here a bat skeleton.
There is a stone staircase leading up here.
The gnoll hits you with a +0 halberd.
* * * LOW HITPOINT WARNING * * *
There is a stone staircase leading up here.
The gnoll hits you with a +0 halberd.
You die...

##############
#.........÷..#
#.####..@###.##
#.####...g....#
#.##...÷g..#..#
#.##.#...#.# #
#.##.#...#...
#.............
####.##.......#
#...##########
#####.###


You could see 2 gnolls.

Vanquished Creatures
  An adder (D:2)
  A dart slug (D:2)
  An endoplasm (D:1)
  A goblin (D:1)
  3 hobgoblins (D:1)
  A quokka (D:1)
  2 ball pythons (D:1)
  4 bats
  A frilled lizard (D:1)
  10 kobolds (D:1)
  4 rats
29 creatures vanquished.

Notes
Turn   | Place    | Note
-------+----------+-------------------------------------------
     0 | D:1      | multipassport the Ghoul Fighter began the quest for the
                  | Orb.
     0 | D:1      | Reached XP level 1. HP: 19/19 MP: 0/0
    77 | D:1      | Found a faded altar of an unknown god.
    77 | D:1      | Noticed a rust devil
    85 | D:1      | Became a worshipper of Lugonu the Unformed
    85 | D:1      | Reached * piety under Lugonu
    85 | D:1      | Reached ** piety under Lugonu
   140 | D:1      | Reached XP level 2. HP: 24/26 MP: 1/1
   146 | D:1      | Found Jyunitea's Armour Boutique.
   738 | D:1      | Reached XP level 3. HP: 29/31 MP: 2/2
  1314 | D:2      | Slain by a gnoll

Illustrated notes

Levels and vault maps discovered:
D:1:      dpeg_arrival_solitude, layout_loops_cross,
          dreamdust_ecumenical_altar_sealed_demon, serial_shops,
          nicolae_shop_crystal, minmay_crystal_water
D:2:      layout_loops_cross, basic_altar

Skill      XL: |  1  2  3 |
---------------+----------+-----
Polearms       | 2 |  2.1
Armour         | 3 |  3.0
Shields        | 3 |  3.0
Fighting       | |  3.6
Dodging        | |  0.9
Invocations    | |  0.6

Action                   || total
-------------------------++-------
Melee: Trident           ||   114
Invok: Bend Space        ||     2
Armor: Scale mail        ||    37
Dodge: Dodged            ||    30
Block: Kite shield       ||    53
